[Event "Titled Tuesday Blitz May 10 Late 2022"]
[White "Riehle, Marco"]
[Black "Bettalli, Francesco"]
[WhiteFideId "12904392"]
[BlackFideId "2816453"]
[WhiteElo "2462"]
[BlackElo "2216"]
[Result "1-0"]
[Round "10"]
[TimeControl "180+1"]
[Date "2022.05.10"]
[WhiteClock "0:01:54"]
[BlackClock "0:01:51"]

1. e4 e5 2. Nf3 Nf6 3. Nxe5 Nc6 4. Nf3 Nxe4 5. Nc3 Nf6 6. d4 d5 7. Bg5 Be7 8. Qd2 O-O 9. O-O-O Bf5 10. Ne5 h6 11. Bh4 Ne4 12. Bxe7 Nxe7 13. Nxe4 Bxe4 14. f3 Bh7 15. g4 Ng6 16. h4 Nxe5 17. dxe5 c6 18. Bd3 Bxd3 19. Qxd3 Qa5 20. Kb1 Rae8 21. f4 Qa4 22. Rdf1 f6 23. g5 fxe5 24. gxh6 e4 25. Qg3 Re7 26. hxg7 Rxg7 27. Qe3 Qa5 28. Rhg1 Qc7 29. Rxg7+ Qxg7 30. Rg1 Rf7 31. Rxg7+ Rxg7 32. a4 b6 33. f5 c5 34. c3 Rd7 35. f6 Kf7 36. Qg5 Ke6 37. Qg4+ Kd6 38. h5 Rf7 39. Qf5 e3 40. Qf4+ Ke6 41. Qxe3+ Kxf6 42. Qf3+ Ke6 43. Qg4+ Ke5 44. h6 b5 45. Qg7+ Ke6 46. Qg6+ Rf6 47. Qg8+ Kd6 48. h7 b4 49. Qd8+ Ke5 50. Qxf6+ Kxf6 51. h8=Q+ 1-0


[Site "https://www.chess.com"]

[Event "Titled Tuesday Blitz May 10 Late 2022"]
[White "Romanchuk, Viktor"]
[Black "Can, Melih Kaan"]
[WhiteFideId "14109271"]
[BlackFideId "6317383"]
[WhiteElo "2242"]
[BlackElo "2049"]
[Result "0-1"]
[Round "10"]
[TimeControl "180+1"]
[Date "2022.05.11"]
[WhiteClock "0:00:08"]
[BlackClock "0:00:27"]

1. d4 Nf6 2. c4 c5 3. d5 e6 4. Nc3 exd5 5. cxd5 d6 6. e4 g6 7. f4 Bg7 8. Nf3 O-O 9. Be2 Bg4 10. O-O Na6 11. h3 Bxf3 12. Bxf3 Nc7 13. g4 Nd7 14. g5 b5 15. h4 b4 16. Ne2 Nb5 17. h5 Nd4 18. Nxd4 Bxd4+ 19. Kg2 a5 20. hxg6 fxg6 21. Bg4 Qe7 22. Be6+ Kh8 23. f5 gxf5 24. exf5 Qg7 25. Rh1 Bxb2 26. g6 Bxa1 27. Rxh7+ Qxh7 28. gxh7 Nf6 29. Bh6 Be5 30. Bxf8 Rxf8 31. Qe2 Kxh7 32. Qa6 Kg7 33. Kf3 Rh8 34. Qb7+ Kh6 35. Qf7 Rg8 36. Qe7 Rg3+ 37. Ke2 Kg5 38. Qg7+ Kf4 39. Qh6+ Ke4 40. Qh1+ Kd4 41. Qd1+ Kc4 42. Qa4 Ra3 43. Qc2+ Kb5 44. Kf2 a4 45. Kg2 b3 46. axb3 axb3 47. Qe2+ c4 48. Qf1 b2 49. Qb1 Ra1 50. Bd7+ Nxd7 0-1


[Site "https://www.chess.com"]

[Event "Titled Tuesday Blitz May 10 Late 2022"]
[White "Romero Ruscalleda, Josep"]
[Black "Winkels, Marcel"]
[WhiteFideId "2231859"]
[BlackFideId "1003887"]
[WhiteElo "2310"]
[BlackElo "1900"]
[Result "1-0"]
[Round "10"]
[TimeControl "180+1"]
[Date "2022.05.11"]
[WhiteClock "0:01:23"]
[BlackClock "0:01:31"]

1. e4 g6 2. d4 Bg7 3. Nc3 d6 4. Be2 a6 5. a4 Nf6 6. Be3 O-O 7. h4 Nbd7 8. h5 c5 9. hxg6 hxg6 10. Nf3 cxd4 11. Nxd4 Ne5 12. Qd2 Neg4 13. Bg5 e5 14. Nb3 Be6 15. f3 Bxb3 16. cxb3 Qb6 17. fxg4 Qxb3 18. O-O Nh7 19. Be3 Qe6 20. Nd5 Rac8 21. b3 Nf6 22. Bc4 Nxd5 23. Qxd5 Qxg4 24. Rxf7 Rxf7 25. Qxf7+ Kh7 26. Be6 Rf8 27. Qxf8 Bxf8 28. Bxg4 Bh6 29. Bxh6 1-0


[Site "https://www.chess.com"]

[Event "Titled Tuesday Blitz May 10 Late 2022"]
[White "Rosen, Eric"]
[Black "Bluebaum, Matthias"]
[WhiteFideId "2032562"]
[BlackFideId "24651516"]
[WhiteElo "2362"]
[BlackElo "2556"]
[Result "0-1"]
[Round "10"]
[TimeControl "180+1"]
[Date "2022.05.10"]
[WhiteClock "0:00:01"]
[BlackClock "0:00:31"]

1. d4 Nf6 2. Bf4 c5 3. e3 d5 4. Nf3 Nc6 5. Nbd2 cxd4 6. exd4 Qb6 7. Nb3 Bf5 8. c3 e6 9. Be2 h6 10. O-O Be7 11. h3 O-O 12. Re1 Rfc8 13. a4 a6 14. a5 Qd8 15. Bd3 Bxd3 16. Qxd3 b6 17. axb6 Qxb6 18. Nfd2 Qb5 19. Qxb5 axb5 20. Rxa8 Rxa8 21. Ra1 Rxa1+ 22. Nxa1 b4 23. Nc2 bxc3 24. bxc3 Nd7 25. Kf1 Kf8 26. Ke2 f6 27. Ne3 Kf7 28. Bg3 h5 29. f3 g5 30. Kd3 Nf8 31. c4 Nb4+ 32. Kc3 dxc4 33. Ndxc4 Nd7 34. Bd6 Nd5+ 35. Nxd5 exd5 36. Bxe7 Kxe7 37. Ne3 Ke6 38. Kd3 Nf8 39. g3 Ng6 40. Ng2 Ne7 41. g4 h4 42. f4 Nc8 43. Ke3 Nd6 44. Ne1 Ne4 45. Nd3 Kd6 46. fxg5 fxg5 47. Ne5 Kc7 48. Kd3 Nf2+ 49. Ke3 Nxh3 50. Kf3 Kd6 51. Nf7+ Ke6 52. Nd8+ Ke7 53. Nc6+ Kf6 54. Nb4 Nf4 55. Nc6 Ne6 56. Ke3 Nf4 57. Kf3 Ke6 58. Ne5 Ke7 59. Nc6+ Kf6 60. Nb4 h3 61. Kg3 Ke6 62. Nc6 Kd6 63. Ne5 Ke7 64. Nf3 Kf6 65. Ne5 Ne2+ 66. Kxh3 Nxd4 67. Nd7+ Ke6 68. Nc5+ Ke5 69. Nd7+ Kd6 70. Nf6 Ne6 71. Kg3 Ke5 72. Nd7+ Kd4 73. Nf6 Nc7 74. Kf3 Kd3 75. Nh7 Ne6 76. Nf6 d4 77. Nd5 Kc4 78. Ke4 Nc5+ 79. Ke5 Nd3+ 80. Ke4 Nf2+ 81. Ke5 Nxg4+ 82. Ke4 Nf2+ 83. Ke5 g4 84. Nb6+ Kc5 85. Nd7+ Kc6 86. Nf8 d3 87. Ne6 d2 88. Nd4+ Kb6 89. Ne6 d1=Q 90. Kf6 Qd6 91. Kf7 Qxe6+ 0-1


[Site "https://www.chess.com"]

[Event "Titled Tuesday Blitz May 10 Late 2022"]
[White "Sabar, Ethmane Daouda"]
[Black "Sharbaf, Mohsen"]
[WhiteFideId "19600097"]
[BlackFideId "12501808"]
[WhiteElo "1950"]
[BlackElo "2187"]
[Result "0-1"]
[Round "10"]
[TimeControl "180+1"]
[Date "2022.05.11"]
[WhiteClock "0:00:20"]
[BlackClock "0:00:45"]

1. b3 Nf6 2. Bb2 g6 3. Bxf6 exf6 4. c4 d5 5. cxd5 Qxd5 6. Nc3 Qd6 7. g3 Bg7 8. Bg2 O-O 9. e3 c6 10. Nge2 f5 11. d4 Nd7 12. O-O Nb6 13. Rc1 a5 14. Nf4 a4 15. bxa4 Qb4 16. Nd3 Qa5 17. Nc5 Bf6 18. Qc2 Be7 19. Nb3 Qa7 20. Nc5 Bxc5 21. dxc5 Nxa4 22. Ne2 Re8 23. Nf4 Re5 24. Nd3 Re8 25. Rfd1 Be6 26. Nf4 Red8 27. Nxe6 fxe6 28. Rd6 Rxd6 29. cxd6 Rd8 30. Rd1 Nb6 31. Qc5 Nc8 32. Qe5 Qxa2 33. d7 Nb6 34. Qc7 Rxd7 35. Rxd7 Nxd7 36. Qxd7 Qb1+ 37. Bf1 Qb3 38. Qd8+ Kg7 39. Qd4+ Kf7 40. Bc4 Qb1+ 41. Kg2 Qe4+ 42. Qxe4 fxe4 43. g4 b5 44. Ba2 Kf6 45. f4 exf3+ 46. Kxf3 Ke5 47. e4 c5 48. Ke3 g5 49. Bb1 h6 50. Bd3 c4 51. Bc2 b4 52. Bb1 b3 53. Kd2 Kd4 54. h3 c3+ 55. Kc1 c2 56. Bxc2 bxc2 57. Kxc2 Kxe4 58. Kd2 Kf4 59. Ke2 Kg3 60. Ke3 Kxh3 61. Kf3 Kh4 62. Ke4 Kxg4 63. Ke3 h5 64. Kf2 h4 65. Kg2 h3+ 66. Kh2 Kh4 67. Kh1 g4 68. Kg1 g3 69. Kh1 h2 70. Kg2 Kg4 71. Kh1 Kf4 72. Kg2 h1=Q+ 73. Kxh1 Kf3 74. Kg1 g2 75. Kh2 Kf2 76. Kh3 g1=Q 0-1


[Site "https://www.chess.com"]

[Event "Titled Tuesday Blitz May 10 Late 2022"]
[White "Sadhwani, Raunak"]
[Black "Svane, Frederik"]
[WhiteFideId "35093487"]
[BlackFideId "12923044"]
[WhiteElo "2616"]
[BlackElo "2459"]
[Result "0-1"]
[Round "10"]
[TimeControl "180+1"]
[Date "2022.05.10"]
[WhiteClock "0:00:01"]
[BlackClock "0:00:02"]

1. d4 Nf6 2. Nf3 g6 3. Nc3 Bg7 4. e4 d6 5. Be3 O-O 6. Qd2 Ng4 7. Bg5 h6 8. Bh4 c6 9. O-O-O b5 10. Bd3 Nd7 11. h3 Ngf6 12. e5 b4 13. Ne2 Nd5 14. exd6 Qa5 15. dxe7 Re8 16. Kb1 Rb8 17. Bc4 N7b6 18. Bb3 Qb5 19. Qd3 Qxd3 20. Rxd3 a5 21. Bxd5 Nxd5 22. Re1 Ba6 23. Rdd1 Rb7 24. Nc1 g5 25. Bg3 Rbxe7 26. Be5 f6 27. Bd6 Rxe1 28. Rxe1 Rxe1 29. Nxe1 f5 30. Nb3 a4 31. Nc5 Bb5 32. Be5 Bf8 33. Ned3 Kf7 34. Kc1 Bxc5 35. Nxc5 Bf1 36. g3 Bxh3 37. Nxa4 f4 38. gxf4 gxf4 39. c4 bxc3 40. bxc3 Bf1 41. Kd2 h5 42. Nc5 h4 43. Ne4 Kg6 44. f3 h3 45. Nf2 Kf5 46. a4 Nb6 47. Ke1 Ba6 48. Nxh3 Nxa4 49. Kd2 Nb6 50. Bc7 Nd5 51. Bd6 Bf1 52. Nf2 Bg2 53. c4 Ne3 54. Kc3 Bxf3 55. Kb4 Be2 56. c5 Nd5+ 57. Ka5 Bb5 58. Be5 Ne3 0-1


[Site "https://www.chess.com"]

[Event "Titled Tuesday Blitz May 10 Late 2022"]
[White "Sanchez Alvares, Kelvin Antonio"]
[Black "Voiteanu, Gabriel"]
[WhiteFideId "3906680"]
[BlackFideId "1208810"]
[WhiteElo "2193"]
[BlackElo "2001"]
[Result "1-0"]
[Round "10"]
[TimeControl "180+1"]
[Date "2022.05.11"]
[WhiteClock "0:02:23"]
[BlackClock "0:01:46"]

1. d4 Nf6 2. c4 g6 3. Nc3 d5 4. cxd5 Nxd5 5. e4 Nxc3 6. bxc3 Bg7 7. Qa4+ Bd7 8. Qb3 Qc8 9. Nf3 O-O 10. Be2 c5 11. O-O cxd4 12. cxd4 Nc6 13. Be3 Bg4 14. Rac1 Qd7 15. d5 Ne5 16. Nxe5 Bxe5 17. f3 Bh5 18. g4 Qd6 19. f4 Bg7 20. gxh5 gxh5 21. e5 Qg6+ 22. Kh1 Kh8 23. Qd3 f5 24. Rg1 Qh6 25. Rg5 Bxe5 26. fxe5 f4 27. Rxh5 1-0


[Site "https://www.chess.com"]

[Event "Titled Tuesday Blitz May 10 Late 2022"]
[White "Sernecki, Franciszek"]
[Black "Souleidis, Georgios"]
[WhiteFideId "1169297"]
[BlackFideId "4206827"]
[WhiteElo "2189"]
[BlackElo "2401"]
[Result "1-0"]
[Round "10"]
[TimeControl "180+1"]
[Date "2022.05.11"]
[WhiteClock "0:00:18"]
[BlackClock "0:00:13"]

1. d4 Nf6 2. c4 g6 3. Nc3 Bg7 4. e4 d6 5. Bg5 O-O 6. Qd2 c5 7. d5 e6 8. Be2 exd5 9. exd5 Re8 10. Nf3 Nbd7 11. O-O a6 12. Rfe1 Ne5 13. Nxe5 Rxe5 14. Bd3 Rxe1+ 15. Rxe1 Qf8 16. Qf4 Nh5 17. Qf3 f6 18. Bh4 Bh6 19. Ne4 Bf5 20. g4 Bxe4 21. Rxe4 Nf4 22. Rxf4 Bxf4 23. Qxf4 g5 24. Qf5 Qe7 25. Bg3 Rd8 26. Qe6+ Kf8 27. Bf5 b5 28. b3 bxc4 29. bxc4 Qxe6 30. Bxe6 Ke7 31. Bf5 h6 32. Bc2 Rb8 33. Bb3 a5 34. f3 Rb4 35. Be1 a4 36. Bxb4 axb3 37. Bc3 bxa2 38. Kf2 Kf7 39. Ke3 Kg6 40. Kd2 f5 41. h3 h5 42. Kc2 fxg4 43. fxg4 hxg4 44. hxg4 1-0


[Site "https://www.chess.com"]

[Event "Titled Tuesday Blitz May 10 Late 2022"]
[White "Shapiro, Daniel"]
[Black "Carrasco Miranda, Andres"]
[WhiteFideId "2001780"]
[BlackFideId "3405990"]
[WhiteElo "2285"]
[BlackElo "2177"]
[Result "0-1"]
[Round "10"]
[TimeControl "180+1"]
[Date "2022.05.11"]
[WhiteClock "0:00:01"]
[BlackClock "0:00:08"]

1. d4 Nf6 2. c4 e6 3. g3 Bb4+ 4. Nd2 c5 5. a3 Bxd2+ 6. Qxd2 cxd4 7. Qxd4 O-O 8. Bg2 Nc6 9. Qd6 Ne8 10. Qd2 Ne5 11. b3 f5 12. Bb2 Nc6 13. Nf3 Nf6 14. O-O Ne4 15. Qd3 d5 16. cxd5 Qxd5 17. Qxd5 exd5 18. Rfd1 Be6 19. Nd4 Nxd4 20. Bxd4 Rfc8 21. Rac1 a6 22. a4 b5 23. a5 Kf7 24. e3 g5 25. f3 Nf6 26. Bf1 g4 27. fxg4 fxg4 28. Bd3 Ne4 29. Rf1+ Ke7 30. Rxc8 Rxc8 31. Rf4 Rc1+ 32. Kg2 Kd6 33. Rf8 Rd1 34. Bxe4 dxe4 35. b4 Bc4 36. Ra8 Rd2+ 37. Kg1 Rd1+ 38. Kf2 Rd2+ 39. Ke1 Re2+ 40. Kd1 Rxh2 41. Rxa6+ Kd5 42. Ra8 Bb3+ 43. Kc1 Kc4 44. Rc8+ Kxb4 45. a6 Ra2 46. a7 Bd5 47. Rc5 Bc4 48. Rc8 Bd5 49. Rc5 Bb7 50. Rc7 Bd5 51. Rd7 Bc4 52. Rd8 h5 53. a8=Q Kb3 54. Qxa2+ Kxa2 55. Rb8 Kb3 56. Bc5 Kc3 57. Bd4+ Kd3 0-1


[Site "https://www.chess.com"]

[Event "Titled Tuesday Blitz May 10 Late 2022"]
[White "Simonovic, Miroslav"]
[Black "Stanisz, Patryk"]
[WhiteFideId "919152"]
[BlackFideId "1123106"]
[WhiteElo "2043"]
[BlackElo "1833"]
[Result "1-0"]
[Round "10"]
[TimeControl "180+1"]
[Date "2022.05.11"]
[WhiteClock "0:00:06"]
[BlackClock "0:00:01"]

1. d4 d5 2. Bg5 f6 3. Bh4 Nh6 4. f3 c6 5. Bf2 Qb6 6. b3 Bf5 7. e3 e6 8. Bd3 Nd7 9. g4 Bxd3 10. Qxd3 Bd6 11. Nd2 O-O 12. c4 Be7 13. Ne2 Rae8 14. c5 Qc7 15. Bg3 Qa5 16. b4 Qd8 17. h3 e5 18. f4 Nf7 19. O-O g6 20. f5 e4 21. Qb3 Ng5 22. fxg6 hxg6 23. Nf4 Rf7 24. h4 Nh7 25. Nxg6 Rg7 26. h5 Ng5 27. Rf4 Qc8 28. Nxe4 Nh3+ 29. Kh2 Nxf4 30. Bxf4 Kh7 31. Nd6 Bxd6 32. Bxd6 Re4 33. Rg1 Qe8 34. Rg3 Qe6 35. Bf4 Rxf4 36. Nxf4 Qe4 37. Kh3 f5 38. Kh2 Rxg4 39. Qd1 Rxg3 40. Kxg3 Qxe3+ 41. Qf3 Qg1+ 42. Ng2 Kh6 43. Qf4+ 1-0


[Site "https://www.chess.com"]

[Event "Titled Tuesday Blitz May 10 Late 2022"]
[White "Skliarov, Viktor"]
[Black "Pinheiro, Iung Alicio de O."]
[WhiteFideId "14106736"]
[BlackFideId "2104350"]
[WhiteElo "2229"]
[BlackElo "2283"]
[Result "1-0"]
[Round "10"]
[TimeControl "180+1"]
[Date "2022.05.10"]
[WhiteClock "0:00:28"]
[BlackClock "0:00:15"]

1. e4 c5 2. Nf3 Nc6 3. Bb5 e6 4. Bxc6 bxc6 5. d3 Ne7 6. Qe2 Ng6 7. h4 Qc7 8. h5 Nf4 9. Qf1 e5 10. Bxf4 exf4 11. e5 Rb8 12. b3 f6 13. exf6 gxf6 14. Qe2+ Kf7 15. O-O d5 16. Nbd2 Rg8 17. Rfe1 Bd6 18. Nh4 Bg4 19. Ndf3 Rbe8 20. Qd2 Be5 21. c3 Bxh5 22. d4 Bd6 23. Qd3 Bg6 24. Nxg6 hxg6 25. c4 cxd4 26. cxd5 c5 27. Rac1 Qa5 28. Re6 Rxe6 29. dxe6+ Ke7 30. Qe4 Qb6 31. Nd2 Bb8 32. Re1 Rc8 33. Nc4 Qc6 34. Qxg6 Be5 35. Qf7+ Kd8 36. e7+ 1-0


[Site "https://www.chess.com"]

[Event "Titled Tuesday Blitz May 10 Late 2022"]
[White "Srinath, Rao S.V."]
[Black "Baches Garcia, Guillermo"]
[WhiteFideId "5028876"]
[BlackFideId "2209764"]
[WhiteElo "2181"]
[BlackElo "2514"]
[Result "1-0"]
[Round "10"]
[TimeControl "180+1"]
[Date "2022.05.11"]
[WhiteClock "0:01:45"]
[BlackClock "0:00:42"]

1. c4 e5 2. Nc3 Nf6 3. Nf3 Nc6 4. a3 d5 5. cxd5 Nxd5 6. e4 Nxc3 7. bxc3 Bd6 8. Bc4 O-O 9. O-O Bg4 10. h3 Bh5 11. d3 Kh8 12. Rb1 Rb8 13. a4 b6 14. g4 Bg6 15. Bg5 Be7 16. Bxe7 Qxe7 17. Qd2 Rbd8 18. h4 Bxe4 19. Ng5 Bd5 20. Bxd5 Rxd5 21. Qe3 Qd7 22. Qe4 f5 23. gxf5 Rxf5 24. f4 h6 25. fxe5 Rxf1+ 26. Rxf1 g6 27. Rf8+ 1-0


[Site "https://www.chess.com"]

[Event "Titled Tuesday Blitz May 10 Late 2022"]
[White "Suleymanli, Aydin"]
[Black "Sarana, Alexey"]
[WhiteFideId "13413937"]
[BlackFideId "24133795"]
[WhiteElo "2481"]
[BlackElo "2666"]
[Result "0-1"]
[Round "10"]
[TimeControl "180+1"]
[Date "2022.05.10"]
[WhiteClock "0:00:02"]
[BlackClock "0:00:10"]

1. d4 Nf6 2. c4 e6 3. Nf3 d5 4. Nc3 dxc4 5. e3 a6 6. a4 b6 7. Bxc4 Bb7 8. O-O Bb4 9. Qe2 O-O 10. Rd1 Nbd7 11. Na2 Bd6 12. b3 Qe7 13. Bb2 c5 14. dxc5 Nxc5 15. Nc3 Rfd8 16. Rd4 h6 17. Rad1 Bc7 18. Ba3 Bd6 19. a5 b5 20. Bxb5 Qc7 21. Bxc5 Qxc5 22. Bc4 Qc7 23. h3 Be7 24. Qa2 Bxf3 25. gxf3 Rxd4 26. Rxd4 Bb4 27. Ne2 Bxa5 28. Rd1 Bb6 29. b4 Qe5 30. f4 Qf5 31. Kg2 Qe4+ 32. Kg1 Qf3 33. Rd6 Bxe3 34. fxe3 Qxe3+ 35. Kh2 Qf2+ 36. Kh1 Ne4 37. Rd3 Qf1+ 38. Kh2 Qf2+ 39. Kh1 Rc8 40. Qxa6 Qf1+ 41. Ng1 Rxc4 42. Qxc4 Nf2+ 43. Kh2 Nxd3 44. b5 Qf2+ 45. Kh1 Nxf4 46. Qc8+ Kh7 47. Qc6 Nd5 48. b6 Qxb6 49. Qc2+ f5 50. Qe2 Qe3 51. Qg2 Nf4 52. Qf1 Qe4+ 53. Kh2 Qe5 54. Kh1 Qd5+ 55. Kh2 Qd6 56. Kh1 Nh5 57. Qf3 Ng3+ 58. Kg2 Ne4 59. Ne2 Qd2 60. Kf1 Qd1+ 61. Kg2 Qd6 62. Qe3 e5 63. Qf3 Qg6+ 64. Kh2 Qg5 65. Qd3 Qh4 66. Qf3 Qf2+ 0-1


[Site "https://www.chess.com"]

[Event "Titled Tuesday Blitz May 10 Late 2022"]
[White "Terry, Renato"]
[Black "Lewicki, Miroslaw"]
[WhiteFideId "3803457"]
[BlackFideId "1113380"]
[WhiteElo "2577"]
[BlackElo "2283"]
[Result "1-0"]
[Round "10"]
[TimeControl "180+1"]
[Date "2022.05.10"]
[WhiteClock "0:00:45"]
[BlackClock "0:00:01"]

1. e4 a6 2. c4 b6 3. d4 Bb7 4. Nc3 d6 5. f4 g6 6. Nf3 Bg7 7. Bd3 c5 8. d5 Nh6 9. O-O O-O 10. h3 Nd7 11. g4 f6 12. Be3 Nf7 13. a4 Qe8 14. Qd2 e5 15. dxe6 Qxe6 16. Nd5 Bxd5 17. exd5 Qe7 18. Rae1 Qd8 19. Qc2 Qc7 20. h4 Nh6 21. h5 Nxg4 22. hxg6 Nxe3 23. gxh7+ Kh8 24. Rxe3 Rfe8 25. Rfe1 Rxe3 26. Rxe3 Nf8 27. Nh4 Qf7 28. Bg6 Nxg6 29. Nxg6+ Kxh7 30. Ne7+ f5 31. Nxf5 Rg8 32. Rh3+ Bh6+ 33. Kh1 Rg6 34. Nxh6 Qxf4 35. Nf5+ Kg8 36. Ne7+ Kf8 37. Nxg6+ 1-0


[Site "https://www.chess.com"]

[Event "Titled Tuesday Blitz May 10 Late 2022"]
[White "Vasquez Schroeder, Rodrigo"]
[Black "Daggupati, Balaji"]
[WhiteFideId "3400042"]
[BlackFideId "2090759"]
[WhiteElo "2567"]
[BlackElo "2652"]
[Result "1-0"]
[Round "10"]
[TimeControl "180+1"]
[Date "2022.05.10"]
[WhiteClock "0:01:01"]
[BlackClock "0:00:18"]

1. e4 c5 2. Nf3 e6 3. d4 cxd4 4. Nxd4 Nf6 5. Nc3 Nc6 6. Nxc6 bxc6 7. e5 Nd5 8. Ne4 Qc7 9. f4 Qb6 10. c4 Ne3 11. Qd3 Nf5 12. b3 Be7 13. Be2 Bb7 14. g4 Nd4 15. Bd1 c5 16. Rf1 Qc6 17. Ng3 Qg2 18. Rf2 Qh3 19. Be3 h5 20. g5 h4 21. Ne4 Nf5 22. Kd2 d5 23. exd6 Rd8 24. Bxc5 Qxd3+ 25. Kxd3 Nxd6 26. Nxd6+ Bxd6 27. Bxd6 Rxd6+ 28. Ke3 Ke7 29. Bc2 Rhd8 30. Re1 Ra6 31. a4 Rad6 32. Ree2 Rb6 33. Rd2 Rb8 34. Kd4 Bc6 35. Rfe2 Rxb3 36. Bxb3 Rxb3 37. a5 Ra3 38. Ra2 Rf3 39. Rf2 Rb3 40. Kc5 Bd7 41. Rab2 Ra3 42. Ra2 Rb3 43. Rfb2 Rf3 44. Rb7 Rxf4 45. Rd2 1-0


[Site "https://www.chess.com"]

[Event "Titled Tuesday Blitz May 10 Late 2022"]
[White "Vovk, Orest"]
[Black "Adla, Diego"]
[WhiteFideId "14113490"]
[BlackFideId "100072"]
[WhiteElo "2203"]
[BlackElo "2377"]
[Result "1-0"]
[Round "10"]
[TimeControl "180+1"]
[Date "2022.05.11"]
[WhiteClock "0:01:33"]
[BlackClock "0:00:13"]

1. h4 d5 2. h5 e5 3. h6 Nxh6 4. d4 Ng4 5. f3 Nf6 6. dxe5 Nfd7 7. Qxd5 c6 8. Qe4 Qa5+ 9. Bd2 Qxe5 10. Qxe5+ Nxe5 11. e4 Bc5 12. Nc3 O-O 13. O-O-O Rd8 14. Bf4 Rxd1+ 15. Kxd1 Ng6 16. Bg3 Be6 17. Nh3 h6 18. Nf4 Nxf4 19. Bxf4 Nd7 20. Bd3 Bd4 21. Bd2 Ne5 22. Ke2 Nxd3 23. cxd3 Rd8 24. Be3 c5 25. Bxd4 Rxd4 26. b3 b6 27. Nb5 Rd7 28. d4 a6 29. Nc3 cxd4 30. Na4 Rd6 31. Rc1 Bd7 32. Rc7 Bxa4 33. bxa4 h5 34. Kd3 h4 35. Rc4 Rg6 36. Rc2 Rd6 37. e5 Rd5 38. f4 Ra5 39. Rc4 b5 40. Rxd4 bxa4 41. Rd8+ Kh7 42. Ke4 a3 43. f5 Ra4+ 44. Rd4 Ra5 45. Rd7 Kg8 46. Rd8+ Kh7 47. e6 fxe6 48. fxe6 Ra4+ 49. Kd5 Ra5+ 50. Kd6 1-0


[Site "https://www.chess.com"]

[Event "Titled Tuesday Blitz May 10 Late 2022"]
[White "Wieczorek, Oskar"]
[Black "Przybylski, Wojciech"]
[WhiteFideId "1133950"]
[BlackFideId "1117599"]
[WhiteElo "2330"]
[BlackElo "2133"]
[Result "1-0"]
[Round "10"]
[TimeControl "180+1"]
[Date "2022.05.11"]
[WhiteClock "0:01:06"]
[BlackClock "0:00:03"]

1. e4 c5 2. Nf3 d6 3. d4 cxd4 4. Nxd4 Nf6 5. Nc3 a6 6. h4 e6 7. g4 Nc6 8. g5 Nd7 9. Bg2 Qc7 10. Be3 Be7 11. Qe2 Nb6 12. O-O-O Bd7 13. f4 Rc8 14. Kb1 h5 15. f5 Ne5 16. g6 fxg6 17. fxe6 Bc6 18. Nd5 Bxd5 19. exd5 Bf6 20. Bc1 Nbc4 21. Rh3 Ng4 22. Rc3 b5 23. Rh3 Qb6 24. Nc6 Nf2 25. Be4 Ne5 26. Be3 1-0


[Site "https://www.chess.com"]

[Event "Titled Tuesday Blitz May 10 Late 2022"]
[White "Zhigalko, Sergei"]
[Black "Andreikin, Dmitry"]
[WhiteFideId "13502956"]
[BlackFideId "4158814"]
[WhiteElo "2662"]
[BlackElo "2736"]
[Result "0-1"]
[Round "10"]
[TimeControl "180+1"]
[Date "2022.05.10"]
[WhiteClock "0:00:02"]
[BlackClock "0:00:30"]

1. e4 c5 2. c3 d5 3. exd5 Qxd5 4. d4 Nf6 5. Nf3 e6 6. Na3 Qd8 7. Nc4 Be7 8. Bd3 O-O 9. O-O b6 10. dxc5 bxc5 11. Bf4 Bb7 12. Qe2 Nbd7 13. Rad1 Nd5 14. Bg3 N7f6 15. Rfe1 Nh5 16. Be5 Qc8 17. Ng5 Nhf6 18. Nd6 Bxd6 19. Bxd6 Qc6 20. Bxf8 Nxc3 21. Qf1 Nxd1 22. Bxg7 Kxg7 23. Rxd1 Rd8 24. Nf3 Qa4 25. b3 Qxa2 26. Bb1 Rxd1 27. Qxd1 Bxf3 28. gxf3 Qb2 29. Qd3 Qd4 30. Qc2 a5 31. Kg2 h5 32. Kf1 h4 33. Kg2 Kf8 34. Qe2 Nd5 35. Qa6 Nf4+ 36. Kg1 Qd1+ 37. Qf1 Ne2+ 38. Kg2 h3+ 0-1


[Site "https://www.chess.com"]

[Event "Titled Tuesday Blitz May 10 Late 2022"]
[White "Adla, Diego"]
[Black "Malka, Samuel"]
[WhiteFideId "100072"]
[BlackFideId "20643675"]
[WhiteElo "2377"]
[BlackElo "2507"]
[Result "1-0"]
[Round "11"]
[TimeControl "180+1"]
[Date "2022.05.11"]
[WhiteClock "0:01:29"]
[BlackClock "0:00:01"]

1. e4 c5 2. Nf3 Nc6 3. Bb5 g6 4. Bxc6 dxc6 5. d3 Bg7 6. Nc3 e5 7. Be3 b6 8. Qd2 Qe7 9. h3 Nf6 10. Bh6 Nh5 11. O-O-O f6 12. Ne2 Be6 13. Kb1 O-O-O 14. Nh2 c4 15. g4 Bxh6 16. Qxh6 Ng7 17. f4 cxd3 18. cxd3 Ne8 19. Nf3 Nd6 20. Nc3 Nf7 21. Qh4 exf4 22. d4 g5 23. Qf2 Bc4 24. Rhe1 Rhe8 25. b3 Ba6 26. Qc2 Qb4 27. Kb2 Kb8 28. a3 Qd6 29. e5 fxe5 30. dxe5 Qg6 31. Qxg6 hxg6 32. e6 Rxd1 33. Nxd1 Nd8 34. Nxg5 Bc8 35. e7 Nb7 36. Nf2 Kc7 37. Nd3 f3 38. Nxf3 Kd6 39. Nde5 Nc5 40. b4 Ne6 41. Nxg6 c5 42. Rd1+ Kc7 43. Nfe5 cxb4 44. axb4 Bb7 45. Rd7+ Kc8 46. Rd6 Nc7 47. Nf7 Be4 48. Rd8+ Kb7 49. Nd6+ Kc6 50. Nxe4 1-0


[Site "https://www.chess.com"]

[Event "Titled Tuesday Blitz May 10 Late 2022"]
[White "Aggelis, Nikolaos"]
[Black "Petrova, Irina"]
[WhiteFideId "4213220"]
[BlackFideId "14124122"]
[WhiteElo "2154"]
[BlackElo "1993"]
[Result "1/2-1/2"]
[Round "11"]
[TimeControl "180+1"]
[Date "2022.05.11"]
[WhiteClock "0:00:15"]
[BlackClock "0:00:03"]

1. d4 d6 2. g3 g6 3. Nf3 Bg7 4. Bg2 Nf6 5. O-O O-O 6. b3 Nc6 7. Bb2 Ne4 8. Nbd2 Nxd2 9. Qxd2 e5 10. dxe5 dxe5 11. Qxd8 Rxd8 12. Rfd1 Bf5 13. Ne1 e4 14. Bxg7 Kxg7 15. c3 Ne5 16. Nc2 c6 17. h3 h5 18. Ne3 Kf6 19. Rd4 c5 20. Rd5 Be6 21. Rxc5 Rd2 22. Bxe4 Rxe2 23. Bxb7 Rd8 24. Nd5+ Bxd5 25. Rxd5 Rb8 26. Ba6 Rc2 27. Rad1 Rxc3 28. Ra5 Nc6 29. Ra4 Kg7 30. Bc4 Rb7 31. Rd6 Ne5 32. Rda6 Nxc4 33. Rxc4 Rxc4 34. bxc4 Rb1+ 35. Kg2 Rc1 36. Ra4 Rc3 37. Kf1 Kf6 38. Ke2 Ke6 39. Kd2 Rf3 40. Ra6+ Ke5 41. Ke2 Rc3 42. Rxa7 Rxc4 43. Rxf7 Rc2+ 44. Ke3 Rxa2 45. Rd7 Kf6 46. Rd4 Ra3+ 47. Ke4 Ra2 48. Kf3 Ra5 49. Re4 Ra3+ 50. Re3 Ra4 51. Rd3 Rb4 52. Ke3 Ra4 53. f4 Rb4 54. Kf3 Ra4 55. g4 hxg4+ 56. hxg4 Ra6 57. Kg3 Rb6 58. Rd8 Ra6 59. Kf3 Rb6 60. Ke4 Rb4+ 61. Rd4 Rb6 62. Rc4 Re6+ 63. Kd5 Re1 64. Rc6+ Kf7 65. Rc7+ Kf6 66. g5+ Kf5 67. Rf7+ Kg4 68. Rf6 Kh5 69. Kd6 Re2 70. Re6 Rf2 71. Re4 Kg4 72. Ke6 Rf1 73. Kf6 Kh5 74. Kg7 Rf2 75. Kf6 Rf1 76. Ke5 Kg4 77. Kf6 Kh5 1/2-1/2


[Site "https://www.chess.com"]

[Event "Titled Tuesday Blitz May 10 Late 2022"]
[White "Alexiadis, Hristos"]
[Black "Vasquez Schroeder, Rodrigo"]
[WhiteFideId "4249623"]
[BlackFideId "3400042"]
[WhiteElo "2416"]
[BlackElo "2567"]
[Result "1-0"]
[Round "11"]
[TimeControl "180+1"]
[Date "2022.05.10"]
[WhiteClock "0:00:17"]
[BlackClock "0:00:34"]

1. e4 c5 2. Nf3 d6 3. Bb5+ Bd7 4. Bxd7+ Qxd7 5. O-O Nc6 6. Qe2 Nf6 7. Rd1 e6 8. d4 cxd4 9. Nxd4 Be7 10. c4 O-O 11. Nc3 Rfd8 12. b3 Rac8 13. Bb2 b6 14. Ndb5 Qb7 15. Rd2 a6 16. Nd4 Ne5 17. Rad1 Rb8 18. h3 h6 19. a4 Rdc8 20. Qe3 Nc6 21. Nxc6 Qxc6 22. Qg3 Rd8 23. Re2 Ne8 24. Na2 Bf6 25. Nb4 Qb7 26. Bxf6 Nxf6 27. Qf3 Rd7 28. Nd3 Rbd8 29. Nf4 b5 30. cxb5 axb5 31. Nh5 Ne8 32. Red2 bxa4 33. bxa4 Qa6 34. Nf4 Qxa4 35. Nd3 e5 36. Nb2 Qb5 37. Qd3 Qc6 38. Nc4 Nf6 39. f3 Qc5+ 40. Kh2 g6 41. Rc2 Kg7 42. Ne3 Qb4 43. Rcd2 h5 44. Nd5 Nxd5 45. Qxd5 Kf6 46. Qc6 Ke7 47. Rd5 Qb7 48. Qc3 Qc7 49. Qb2 Ke8 50. R1d3 Rb8 51. Qd2 Rbd8 52. Qh6 Ke7 53. Qg5+ Ke6 54. Qd2 Qc6 55. Qg5 Rc8 56. f4 exf4 57. Qxf4 Rcd8 58. Rf3 Ke7 59. Qxf7# 1-0


[Site "https://www.chess.com"]